 Dungeon Crawl Stone Soup version 0.20.1-1-g8b1a95d (webtiles) character file.

69 Mesmaeker13 the Digger (level 4, 0/24 HPs)
             Began as a Gargoyle Earth Elementalist on July 26, 2017.
             Slain by Crazy Yiuf
             ... wielding a +4 quarterstaff of chaos
              (2 damage)
             ... on level 2 of the Dungeon.
             The game lasted 00:02:22 (1156 turns).

Mesmaeker13 the Digger (GrEE)                       Turns: 1156, Time: 00:02:23

Health: 0/24       AC:  8    Str: 12    XL:     4   Next: 20%
Magic:  1/8        EV: 12    Int: 16    God:
Gold:   129        SH:  0    Dex: 10    Spells: 4/8 levels left

rFire    . . .     SeeInvis .   a - +0 short sword
rCold    . . .     Gourm    .   (no shield)
rNeg     + . .     Faith    .   c - +0 robe
rPois    ∞         Spirit   .   (no helmet)
rElec    +         Reflect  .   (no cloak)
rCorr    .         Harm     .   (no gloves)
MR       .....                  (no boots)
Stlth    +++.......             (no amulet)
Regen    0.1/turn               f - ring of stealth
MPRegen  0.2/turn               j - +3 ring of protection

@: no status effects
A: negative energy resistance 1, electricity resistance, unbreathing,
petrification resistance, rot immunity, AC +3
a: no special abilities


You were on level 2 of the Dungeon.
You were not hungry.

You visited 1 branch of the dungeon, and saw 2 of its levels.

You collected 129 gold pieces.

Inventory:

Hand Weapons
 a - a +0 short sword (weapon)
 t - a +1 vampiric war axe
Missiles
 b - 74 stones (quivered)
 n - 7 javelins
Armour
 c - a +0 robe (worn)
Jewellery
 f - a ring of stealth (left hand)
 j - a +3 ring of protection (right hand)
 p - a cursed -3 ring of protection
Scrolls
 h - 3 scrolls of identify {unknown}
 m - a scroll of blinking {unknown}
 r - a scroll of teleportation {unknown}
 s - a scroll of immolation {unknown}
Potions
 i - 3 potions of might {unknown}
 k - 2 potions of resistance {unknown}
 l - a potion of agility {unknown}
Books
 e - a book of Geomancy

   Spells                             Type                      Level
   a - Sandblast                      Earth                        1
   b - Passwall                       Transmutation/Earth          2
   c - Stone Arrow                    Conjuration/Earth            3
   d - Petrify                        Transmutation/Earth          4
   e - Lee's Rapid Deconstruction     Earth                        5
Comestibles
 d - 2 bread rations
 g - 4 chunks of flesh
 o - a royal jelly
 q - a meat ration


   Skills:
 + Level 2.2 Dodging
 - Level 2.1 Stealth
 + Level 2.7 Spellcasting
 + Level 0.9 Conjurations
   Level 0.7 Transmutations
 + Level 4.5 Earth Magic


You had 4 spell levels left.
You knew the following spells:

 Your Spells              Type           Power        Failure   Level  Hunger
a - Sandblast             Erth           ###...       3%          1    #......
b - Stone Arrow           Conj/Erth      ##....       19%         3    ###....


Dungeon Overview and Level Annotations

Branches:
Dungeon (2/15)

Altars:
Yredelemnul

Annotations:
D:2 Crazy Yiuf


Innate Abilities, Weirdness & Mutations

You are resistant to torment.
Your stone body is resilient. (AC +3)
You are immune to poison.
You resist negative energy. (rN+)
You are resistant to electric shocks. (rElec)
You can survive without breathing.
You are immune to petrification.
You are immune to rotting.


Message History

Confirm with . or Enter, or press ? or * to list all spells.
You don't have enough magic to cast that spell.
Unknown command.
Wield which item (- for none, * to show all)? (? for menu, Esc to quit)
This weapon is vampiric, and you must be Full or above to equip it.
t - a vampiric war axe You closely miss Crazy Yiuf.
Crazy Yiuf is almost dead.
Crazy Yiuf hits you but does no damage.
You hit Crazy Yiuf but do no damage.
Crazy Yiuf is almost dead.
Crazy Yiuf hits you with a quarterstaff of chaos!
Crazy Yiuf freezes you.
* * * LOW HITPOINT WARNING * * *
You barely miss Crazy Yiuf.
Crazy Yiuf is almost dead.
Crazy Yiuf hits you with a quarterstaff of chaos.
* * * LOW HITPOINT WARNING * * *
Crazy Yiuf freezes you.
You die...

#.###.# #.# #.#
#.###.# #...#.#
###.#.# ## #.#.#######
<# #.#.....#.### ###
.# #........#..##...#
.####.......####@g...#
......#....## ###..)#
#######.#### ###
........# #########


You could see Crazy Yiuf.

Vanquished Creatures
  Jessica (D:2)
  An adder (D:2)
  A leopard gecko (D:1)
  2 bats
  3 giant cockroaches
  4 goblins (D:2)
  3 hobgoblins
  7 kobolds
  5 frilled lizards
  8 rats
35 creatures vanquished.

Notes
Turn   | Place    | Note
-------+----------+-------------------------------------------
     0 | D:1      | Mesmaeker13 the Gargoyle Earth Elementalist began the quest for the Orb.
     0 | D:1      | Reached XP level 1. HP: 10/10 MP: 3/3
   152 | D:1      | Reached XP level 2. HP: 14/15 MP: 5/5
   265 | D:1      | Reached skill level 4 in Earth Magic
   605 | D:2      | Noticed Jessica
   615 | D:2      | Reached XP level 3. HP: 18/19 MP: 6/6
   621 | D:2      | Killed Jessica
   652 | D:2      | Learned a level 3 spell: Stone Arrow
   688 | D:2      | Found a runed door.
   822 | D:2      | Found a basalt altar of Yredelemnul.
   836 | D:2      | Reached XP level 4. HP: 18/24 MP: 3/8
  1147 | D:2      | Noticed Crazy Yiuf
  1156 | D:2      | Slain by Crazy Yiuf

Skill      XL: |  1  2  3 |
---------------+----------+-----
Earth Magic    | 4 |  4.5
Dodging        | 2 |  2.2
Stealth        | |  2.1
Spellcasting   | |  2.7
Conjurations   | |  0.9
Transmutations | |  0.7

Action                   |  1- 3 |  4- 6 || total
-------------------------+-------+-------++-------
Melee: Short sword       |    45 |    38 ||    83
 Cast: Sandblast         |    19 |     8 ||    27
       Stone Arrow       |       |     1 ||     1
 Stab: Sleeping          |     4 |     1 ||     5
  Eat: Chunk             |       |     1 ||     1
Armor: Robe              |    15 |    17 ||    32
Dodge: Dodged            |    36 |    22 ||    58
